 Dungeon Crawl Stone Soup version 0.24.0-123-gd5b16e6ec5 (webtiles) character file.

Game seed: 5875990806257872967, levelgen mode: deterministic

93 JustSomeDude the Sneak (level 4, 0/33 HPs)
             Began as a Demonspawn Assassin on Feb 8, 2020.
             Was a Follower of Yredelemnul.
             Slain by a goblin
             ... wielding a +0 club
             ... led by Robin
              (2 damage)
             ... on level 2 of the Dungeon.
             The game lasted 00:04:53 (593 turns).

JustSomeDude the Sneak (Demonspawn Assassin)         Turns: 593, Time: 00:04:55

Health: 0/33       AC:  6    Str: 11    XL:     4   Next: 37%
Magic:  2/4        EV: 12    Int: 13    God:    Yredelemnul [*.....]
Gold:   27         SH:  0    Dex: 15    Spells: 3/3 levels left

rFire    . . .     SeeInvis .   i - +4 short sword
rCold    . . .     Gourm    .   (no shield)
rNeg     . . .     Faith    .   b - +0 robe
rPois    .         Spirit   .   (no helmet)
rElec    .         Reflect  .   c - +0 cloak
rCorr    .         Harm     .   (no gloves)
MR       .....                  l - +2 pair of boots
Stlth    +++.......             (no amulet)
HPRegen  0.11/turn              (no ring)
MPRegen  0.09/turn              (no ring)

@: no status effects
A: talons 1, rot immunity
a: Animate Remains, Renounce Religion


You were on level 2 of the Dungeon.
You worshipped Yredelemnul.
Yredelemnul was aware of your devotion.
You were not hungry.

You visited 1 branch of the dungeon, and saw 2 of its levels.

You collected 27 gold pieces.

Inventory:

Hand Weapons
 a - a +2 dagger
 i - a +4 short sword (weapon)
Missiles
 d - 8 poisoned darts (quivered)
 e - 2 curare-tipped darts
Armour
 b - a +0 robe (worn)
 c - a +0 cloak (worn)
 g - a +0 helmet
 l - a +2 pair of boots (worn)
Scrolls
 j - 2 scrolls of identify
Comestibles
 f - 3 rations
 k - a chunk of flesh


   Skills:
 + Level 2.2 Fighting
 + Level 2.7 Short Blades
 + Level 1.9 Throwing
 + Level 1.2 Dodging
 + Level 4.7 Stealth
 + Level 0.1 Invocations


You had 3 spell levels left.
You didn't know any spells.
Your spell library was empty.

Dungeon Overview and Level Annotations

Branches:
Dungeon (1/15)

Altars:
Yredelemnul

Annotations:
D:2 Robin


Innate Abilities, Weirdness & Mutations

You have sharp toenails.
You are immune to rotting.


Message History

You puncture the goblin!
You kill the goblin!
Yredelemnul accepts your kill.
Robin roars a battlecry!
The goblins go into a battle-frenzy!
The goblin closely misses you.
A goblin comes into view.
The goblin no longer looks unusually strong. x2
Robin throws the goblin at you!
The goblin unwields a +0 hunting sling.
The goblin wields a +0 club.
The goblin hits you with a +0 club.
* * * LOW HITPOINT WARNING * * *
Things that are here:
a +2 dagger of holy wrath; a goblin corpse You attempt to give life to the dead...
The dead are walking!
You feel somewhat more hungry.
The goblin hits you with a cursed -2 club.
* * * LOW HITPOINT WARNING * * *
The goblin hits you with a +0 club.
You die...
Your body rises from the dead as a mindless zombie.

## .# ##.#
############## #..#
.....Zg@ggg.g###.#######
##########gg(.g.........
#.g.###.##..###
#...##(.# ... ##g..##.##
...# .....##)# #...#
###...g..###.....
#......#(........
####.####...#..#(...


You could see Robin, a hobgoblin, 6 goblins and a friendly goblin zombie.

Vanquished Creatures
  Terence (D:2)
  An adder (D:2)
  2 oozes
  A worm (D:2)
  3 dart slugs (D:1)
  3 leopard geckos (D:1)
  5 bats
  A giant cockroach (D:1)
  3 goblins
  A hobgoblin (D:1)
  3 jackals (D:2)
  A frilled lizard (D:2)
  9 kobolds
  3 rats
37 creatures vanquished.

Vanquished Creatures (collateral kills)
  A leopard gecko (D:2)
  A bat (D:2)
  2 giant cockroaches (D:2)
  A jackal (D:2)
  A kobold (D:2)
6 creatures vanquished.

Vanquished Creatures (others)
  A bat skeleton (D:2)
  A human zombie (D:2)
  A rat zombie (D:2)
3 creatures vanquished.

Grand Total: 46 creatures vanquished

Notes
Turn   | Place    | Note
-------+----------+-------------------------------------------
     0 | D:1      | JustSomeDude the Demonspawn Assassin began the quest for
                  | the Orb.
     0 | D:1      | Reached XP level 1. HP: 16/16 MP: 1/1
    70 | D:1      | Gained mutation: You are immune to rotting. [demonic
                  | ancestry]
    70 | D:1      | Reached XP level 2. HP: 21/22 MP: 2/2
    92 | D:1      | Reached skill level 4 in Stealth
   362 | D:1      | Reached skill level 1 in Dodging
   362 | D:1      | Reached XP level 3. HP: 27/27 MP: 3/3
   448 | D:1      | You fall into a shaft and drop 1 floor!
   449 | D:2      | Noticed Terence
   459 | D:2      | Found a faded altar of an unknown god.
   464 | D:2      | Became a worshipper of Yredelemnul the Dark
   464 | D:2      | Reached * piety under Yredelemnul
   479 | D:2      | Killed Terence
   495 | D:2      | Gained mutation: You have sharp toenails. [demonic
                  | ancestry]
   495 | D:2      | Reached XP level 4. HP: 21/33 MP: 1/4
   532 | D:2      | Your ally Terence died
   567 | D:2      | Noticed Robin
   593 | D:2      | Slain by a goblin

Levels and vault maps discovered:
D:1:      ebering_trefoil_3fold, layout_loops_ring, minmay_door_square
D:2:      layout_rooms, lemuel_doored_altar, chequers_ecumenical_altar_simple,
          uniq_robin, uniq_terence

Skill      XL: |  1  2 |
---------------+-------+-----
Stealth        | 4 |  4.7
Short Blades   | 2 |  2.7
Dodging        | 1 |  1.2
Fighting       | |  2.2
Throwing       | |  1.9
Invocations    | |  0.1

Action                   |  1- 3 |  4- 6 || total
-------------------------+-------+-------++-------
Melee: Dagger            |    13 |       ||    13
       Short sword       |    57 |    41 ||    98
Invok: Animate Remains   |     2 |     2 ||     4
  Use: Potion            |       |     3 ||     3
       Scroll            |       |     1 ||     1
 Stab: Sleeping          |     8 |       ||     8
Armor: Robe              |     5 |    22 ||    27
Dodge: Dodged            |    46 |    63 ||   109
